 Dungeon Crawl Stone Soup version 0.30.1-11-g7821555f0a (webtiles) character file.

Game seed: 6750787033290136404

67 lonewolfV2 the Covered (level 4, -3/35 HPs)
             Began as a Demonspawn Fighter on Nov 1, 2023.
             Slain by a gnoll
             ... wielding a +2 flail of protection
              (8 damage)
             ... on level 3 of the Dungeon.
             The game lasted 00:03:26 (1945 turns).

lonewolfV2 the Covered (Demonspawn Fighter)         Turns: 1945, Time: 00:03:26

Health: -3/35      AC:  6    Str: 18    XL:     4   Next: 0%
Magic:  4/4        EV: 10    Int: 10    God:
Gold:   146        SH:  5    Dex: 14    Spells: 3/3 levels left

rFire   + . .        a - +1 war axe
rCold   . . .        c - +0 buckler
rNeg    . . .        b - +0 scale mail
rPois   .            (no helmet)
rElec   .            (no cloak)
rCorr   .            (no gloves)
SInv    .            (no boots)
Will    .....        (no amulet)
Stlth   +            e - ring of protection from fire
HPRegen 0.25/turn    (no ring)
MPRegen 0.09/turn

%: no passive effects
@: no status effects
A: claws 1, thin skeletal structure 1
a: no special abilities


You were on level 3 of the Dungeon.
You visited 1 branch of the dungeon, and saw 3 of its levels.

You collected 146 gold pieces.

Inventory:

Hand Weapons
 a - a +1 war axe (weapon)
Armour
 b - a +0 scale mail (worn)
 c - a +0 buckler (worn)
Jewellery
 e - a ring of protection from fire (left claw)
 k - a ring of protection from fire
Scrolls
 l - 2 scrolls of teleportation
Potions
 d - a potion of might
 f - a potion of ambrosia
 g - 2 potions of curing
 h - a potion of attraction
 i - 2 potions of heal wounds


   Skills:
 - Level 3.0 Fighting
 - Level 1.7 Axes
 + Level 3.3 Armour
 * Level 2.5 Dodging
 - Level 2.9 Shields


You had 3 spell levels left.
You didn't know any spells.
Your spell library contained the following spells:

 Spells                   Type           Power      Damage    Failure   Level
 Tukima's Dance           Hex            0%         N/A       99%         3
 Passage of Golubria      Tloc           0%         N/A       100%        4
 Yara's Violent Unravell  Hex/Tmut       0%         3d3       100%        5


Dungeon Overview and Level Annotations

Branches:
Dungeon (3/15)

Altars:


Innate Abilities, Weirdness & Mutations

You have sharp fingernails.
You have a somewhat thin skeletal structure. (Dex +2, Stealth+)


Message History

HP restored.
Things that are here:
a +0 dagger; a goblin corpse
There is a stone staircase leading down here.
A gnoll comes into view. It is wielding a +0 flail.
A gnoll comes into view. It is wielding a +0 spear.
There are monsters nearby!
There are monsters nearby!
The gnoll shouts! x2
A gnoll comes into view.
It is wielding a +2 flail of protection.
The gnoll barely misses you.
You slash the gnoll!
You kill the gnoll!
The gnoll misses you.
You have reached level 4!
You feel clever.
Your demonic ancestry asserts itself...
Your fingernails lengthen.
The gnoll hits you from afar with a +0 spear!
The gnoll hits you with a +2 flail of protection.
You see here a +0 flail.
You hit the gnoll but do no damage.
The gnoll hits you from afar with a +0 spear.
The gnoll hits you with a +2 flail of protection!
You closely miss the gnoll.
The gnoll hits you from afar with a +0 spear.
* * * LOW HITPOINT WARNING * * *
The gnoll hits you but does no damage.
The gnoll hits you from afar with a +0 spear.
* * * LOW HITPOINT WARNING * * *
You block the gnoll's attack. The gnoll closely misses you.
You hit the gnoll.
The gnoll is moderately wounded.
You completely miss the gnoll. The gnoll hits you but does no damage.
You block the gnoll's attack.
You closely miss the gnoll.
The gnoll is moderately wounded.
You slash the gnoll! The gnoll hits you but does no damage.
The gnoll barely misses you. The gnoll closely misses you.
The gnoll hits you with a +2 flail of protection!
You die...

. ##. #.. #.# #######
#.# #.....# #.#
#.###.#######.#
#.....).>....g####.###
#..†#.#..<...)@g......
#.....#######.####.##.
##..### #.# #..# #.#
#..##### #.# #......#
#.# #.###### #.# #.#
..# #.#


You could see 2 gnolls.

Vanquished Creatures
  2 adders
  A gnoll (D:3)
  A dart slug (D:1)
  3 bats
  An endoplasm (D:2)
  A giant cockroach (D:2)
  11 goblins
  4 hobgoblins
  5 kobolds
  A quokka (D:1)
  2 ball pythons (D:1)
  2 frilled lizards
  A rat (D:2)
35 creatures vanquished.

Notes
Turn   | Place    | Note
-------+----------+-------------------------------------------
     0 | D:1      | lonewolfV2 the Demonspawn Fighter began the quest for the
                  | Orb.
     0 | D:1      | Reached XP level 1. HP: 18/18 MP: 1/1
    50 | D:1      | Found a faded altar of an unknown god.
   195 | D:1      | Reached skill level 1 in Dodging
   195 | D:1      | Gained mutation: You have a somewhat thin skeletal
                  | structure. (Dex +2, Stealth+) [demonic ancestry]
   195 | D:1      | Reached XP level 2. HP: 24/24 MP: 2/2
  1224 | D:2      | Reached XP level 3. HP: 29/29 MP: 3/3
  1940 | D:3      | Gained mutation: You have sharp fingernails. [demonic
                  | ancestry]
  1940 | D:3      | Reached XP level 4. HP: 35/35 MP: 4/4
  1945 | D:3      | Slain by a gnoll

Illustrated notes

Levels and vault maps discovered:
D:1:      ebering_trefoil_twist, layout_basic,
          shapermc_ecumenical_altar_mp_vishouse, nrook_uturn
D:2:      layout_loops_corners, minmay_goblin_outpost
D:3:      layout_loops_ring, yredelemnul_altar_generic, trog_butcher_becter

Skill      XL: |  1  2  3 |
---------------+----------+-----
Dodging        | 1 2 |  2.5
Armour         | 3 |  3.3
Fighting       | |  3.0
Axes           | |  1.7
Shields        | |  2.9

Action                     |  1- 3 |  4- 6 || total
---------------------------+-------+-------++-------
  Melee: War axe           |    72 |     4 ||    76
    Use: Scroll            |     8 |       ||     8
 Armour: Scale mail        |    40 |     3 ||    43
  Dodge: Dodged            |    54 |     3 ||    57
  Block: Buckler           |    33 |     2 ||    35
